 Dungeon Sprint DCSS version 0.29-a0-857-g9b1aa3ac5b (webtiles) character file.

Game seed: 2993835535127693206

817 manyhoops the Carver (level 8, -6/75 HPs)
             Began as a Human Berserker on July 16, 2022.
             Was a Priest of Trog.
             Mangled by Menkaure (18 damage)
             ... in the Dungeon (Sprint II: "The Violet Keep of Menkaure").
             The game lasted 00:01:00 (350 turns).

manyhoops the Carver (Human Berserker)               Turns: 350, Time: 00:01:01

Health: -6/75      AC:  4    Str: 20    XL:     8   Next: 16%
Magic:  8/8        EV: 12    Int:  8    God:    Trog [***...]
Gold:   78         SH:  0    Dex: 12    Spells: 7/7 levels left

rFire   . . .      SeeInvis .   a - +0 falchion
rCold   . . .      Faith    .   (no shield)
rNeg    . . .      Spirit   .   b - +0 animal skin
rPois   .          Reflect  .   i - +2 helmet
rElec   .          Harm     .   (no cloak)
rCorr   .          Rampage  .   (no gloves)
Will    .....      Rage     3%  (no boots)
Stlth   +......... NoTele   +   (no amulet)
HPRegen 0.22/turn               (no ring)
MPRegen 0.11/turn               (no ring)

@: on berserk cooldown, slowed, very slow
A: hooves 1, berserk 1, deformed body
a: Renounce Religion, Berserk, Trog's Hand


You were in the Dungeon.
You worshipped Trog.
Trog was most pleased with you.
You visited 1 branch You collected 729 gold pieces.
You spent 651 gold pieces at shops.

Inventory:

Hand Weapons
 a - a +0 falchion (weapon)
Armour
 b - a +0 animal skin (worn)
 d - a +0 chain mail of cold resistance
 i - a +2 helmet (worn)
 j - a +1 pair of boots of stealth
Scrolls
 h - a scroll of blinking
Potions
 c - a potion of curing
 e - a potion of haste
 f - 2 potions of magic
 g - a potion of berserk rage


   Skills:
 + Level 11.3 Fighting
 + Level 13.2 Long Blades
 - Level 2.0 Armour
 - Level 2.0 Dodging


You had 7 spell levels left.
You didn't know any spells.
Your spell library was empty.

Dungeon Overview and Level Annotations

Branches:
Dungeon (1/1)

Altars:

Shops:
D (!:[(!=(?[[!=:[

Annotations:
D exclusion: oklob plant, Menkaure


Innate Abilities, Weirdness & Mutations

You have large cloven feet.
You sometimes lose your temper in combat.
Armour fits poorly on your strangely shaped body.


Message History

Moving in this stuff is going to be slow.
Found Igheel's Jewellery Shoppe and Sonuq's Distillery.
You open the door.
Found 14 gold pieces.
Found Piohutsi's Antique Armour Emporium.
Menkaure, Prince of Dust comes into view.
Found 81 gold pieces.
Found Miucer's Weapon Shoppe and Ylumush's Antique Armour Emporium.
Menkaure mumbles some strange words.
Menkaure seems to speed up.
Marking area around an oklob plant as unsafe for travelling.
There is an open door here.
Found a murky dark potion, an amethyst potion and a scale mail.
Found three shops.
There is an entrance to Piohutsi's Antique Armour Emporium here.
d - a +0 chain mail of cold resistance;
i - a +2 helmet
j - a +1 pair of boots of stealth Thank you for shopping at Piohutsi's Antique Armour Emporium!
Found 18 gold pieces.
You start putting on your armour.
You continue putting on your +2 helmet. x2
Menkaure barely misses you.
You continue putting on your +2 helmet.
Menkaure casts a spell at you. Pain shoots through your body!
Menkaure misses you.
You continue putting on your +2 helmet.
Menkaure misses you. Menkaure hits you!
You finish putting on your +2 helmet.
You're still recovering from your berserk rage.
You hit Menkaure. You kick Menkaure.
Menkaure is moderately damaged.
Menkaure points at you and mumbles some strange words.
You struggle to resist.
You hit Menkaure.
Menkaure is heavily damaged.
Menkaure hits you!!
* * * LOW HITPOINT WARNING * * *
You hit Menkaure.
Menkaure is severely damaged.
Menkaure closely misses you. Menkaure hits you!!
You die...

##########≈≈#++
#########≈≈≈...
........#≈≈≈≈.##+##
....⌠...#≈≈≈≈###..##
...∩....#≈≈≈≈#.##..#
..∩.∩.∩.#≈≈####.#.####
.∩.∩.∩.∩#≈##.###'###.##
∩.∩...∩@#≈#.#.##.##.#.#
.∩.....∩M≈'##.'.<.÷###+
∩.......#≈##..##.##.#
▓▓▓▓▓▓###≈##.###+# #.#
!$Z######≈≈###


B#B ## !.Z# ##≈≈≈ .. .. ∩P$ +#≈##. $## [$ ≈≈## ## ≈≈ You could see an oklob
plant, 2 spectral ball pythons and Menkaure (fast).

Vanquished Creatures
  2 wyverns (D)
  4 neqoxecs (D)
  3 worms (D)
9 creatures vanquished.

Notes
Turn   | Place    | Note
-------+----------+-------------------------------------------
     0 | D        | manyhoops the Human Berserker began the quest for the Orb.
     0 | D        | Reached XP level 1. HP: 18/18 MP: 1/1
    12 | D        | Reached skill level 4 in Long Blades
    12 | D        | Reached XP level 2. HP: 25/25 MP: 2/2
    26 | D        | Reached ** piety under Trog
    72 | D        | Noticed a wyvern
    72 | D        | Noticed a wyvern
    81 | D        | Killed a wyvern
    82 | D        | Reached skill level 8 in Long Blades
    82 | D        | Reached XP level 3. HP: 17/37 MP: 3/3
    82 | D        | Reached XP level 4. HP: 21/44 MP: 4/4
    82 | D        | Reached XP level 5. HP: 23/49 MP: 5/5
    88 | D        | Killed a wyvern
    89 | D        | Reached skill level 10 in Long Blades
    89 | D        | Reached XP level 6. HP: 14/58 MP: 6/6
   307 | D        | Noticed a boulder beetle
   307 | D        | Noticed a boulder beetle
   310 | D        | Noticed a neqoxec
   310 | D        | Noticed a neqoxec
   310 | D        | Noticed a neqoxec
   310 | D        | Noticed a neqoxec
   316 | D        | Killed a neqoxec
   316 | D        | Gained mutation: You have large cloven feet. [a neqoxec]
   317 | D        | Reached skill level 10 in Fighting
   317 | D        | Reached skill level 11 in Long Blades
   317 | D        | Reached XP level 7. HP: 66/66 MP: 7/7
   320 | D        | Killed a neqoxec
   321 | D        | Gained mutation: You sometimes lose your temper in combat.
                  | [a neqoxec]
   323 | D        | Gained mutation: Armour fits poorly on your strangely
                  | shaped body. [a neqoxec]
   324 | D        | Killed a neqoxec
   324 | D        | Reached *** piety under Trog
   325 | D        | Reached skill level 12 in Long Blades
   328 | D        | Killed a neqoxec
   329 | D        | Reached skill level 13 in Long Blades
   329 | D        | Reached XP level 8. HP: 75/75 MP: 8/8
   337 | D        | Found Dih Saef's Jewellery Shoppe.
   337 | D        | Found Motwu's Book Shoppe.
   337 | D        | Found Datrosh's Antique Armour Emporium.
   337 | D        | Found Dugopir's Magic Scroll Shoppe.
   337 | D        | Found Weged's Distillery.
   337 | D        | Found Xecliz's Armour Shoppe.
   337 | D        | Found Oprevow's Antique Weapon Emporium.
   338 | D        | Found Igheel's Jewellery Shoppe.
   338 | D        | Found Sonuq's Distillery.
   339 | D        | Found Piohutsi's Antique Armour Emporium.
   340 | D        | Found Miucer's Weapon Shoppe.
   340 | D        | Found Ylumush's Antique Armour Emporium.
   340 | D        | Noticed Menkaure
   340 | D        | Noticed an oklob plant
   341 | D        | Found Pufis's Distillery.
   341 | D        | Found Ymes's Antique Weapon Emporium.
   341 | D        | Found Qoyjeceh's Book Shoppe.
   342 | D        | Bought a glowing chain mail for 217 gold pieces
   342 | D        | Bought a runed helmet for 217 gold pieces
   342 | D        | Bought a pair of runed boots for 217 gold pieces
   350 | D        | Mangled by Menkaure

Illustrated notes

Levels and vault maps discovered:
D:        the_violet_keep_of_menkaure [sprint2_stairs_cluster_1,
          sprint2_shoproom, sprint2_temple, sprint2_basic_supplies,
          sprint2_obstacle_2, sprint2_obstacle_5, sprint2_obstacle_6,
          sprint2_obstacle_7, sprint2_obstacle_4, sprint2_timed_cluster_1,
          sprint2_smallroom_cluster_1, sprint2_smallroom_final_cluster_1,
          sprint2_transparent_cluster_1, sprint2_second_timed_cluster_1,
          sprint2_sniper_area_1, sprint2_heavy_combat_area_1,
          sprint2_mutation_trap_area_1, sprint2_forest_area_1,
          sprint2_light_combat_area_1, sprint2_behind_water_1,
          sprint2_near_end_vault_1]

Skill      XL: |  1  2  3  4  5  6  7 |
---------------+----------------------+-----
Fighting       | 4 7 9 10 11 | 11.3
Long Blades    | 4 8 10 11 13 | 13.2
Armour         | |  2.0
Dodging        | |  2.0

Action                   |  1- 3 |  4- 6 |  7- 9 || total
-------------------------+-------+-------+-------++-------
Melee: Falchion          |    27 |    12 |    14 ||    53
       Punch             |     1 |       |       ||     1
       Kick              |       |       |     5 ||     5
Invok: Berserk           |     2 |     1 |       ||     3
       Trog's Hand       |     1 |       |       ||     1
  Use: Potion            |     1 |       |       ||     1
Armor: Animal skin       |     2 |       |       ||     2
Dodge: Dodged            |    11 |     5 |     6 ||    22

Table legend: (Time is in decaauts)
 A = Elapsed time spent in this place.
 B = Non-inter-level travel time spent in this place.
 C = Inter-level travel time spent in this place.
 D = Time resting spent in this place.
 E = Time spent auto-exploring this place.
 F = Levels seen in this place.
 G = Mean time per level.
                   A        B        C        D        E       F      G
               +--------+--------+--------+--------+--------+-----+--------+
         Total |    365 |    365 |      0 |    254 |      0 |   1 |  365.0 |
       Dungeon |    365 |    365 |      0 |    254 |      0 |   1 |  365.0 |
               +--------+--------+--------+--------+--------+-----+--------+

Top non-repeatable levels by time:
       D: 365 daAuts
